Map: Rovine di Endion

Players

Jhyrachy - Winner!

  • Race: Zerg Zerg
  • League: Silver

SunLightKing

  • Race: Protoss Protoss
  • League: Silver

VOD

Have the link to the VOD?

Description

Time

  • Played on: April 6, 2016, 3:30 p.m.
  • Length: 8:25
Show
View Real Time Build Order
Export as new Build Order

Jhyrachy Zerg - Winner!

Build Orders: Hatch First 

Get SALT Encoding   

  12  0:01  Drone  
  13  0:10  Drone  
  14  0:17  Overlord  
  14  0:35  Drone x2  
  16  0:36  Drone  
  17  0:58  Hatchery  
  17  0:59  Drone  
  17  1:02  Extractor  
  16  1:04  Drone  
  17  1:18  Overlord  
  17  1:25  Spawning Pool  
  16  1:36  Drone  
  17  2:17  Queen  
  17  2:18  Queen  
  21  2:26  Metabolic Boost  
  21  2:34  Zergling x2  
  21  2:35  Zergling x10  
  27  2:46  Drone  
  28  3:01  Drone  
  28  3:02  Drone x2  
  27  3:43  Zergling x16  
  27  3:44  Zergling x2  
  27  3:45  Overlord  
  27  3:46  Overlord  
  34  3:59  Queen  
  36  4:03  Extractor  
  36  4:04  Drone x3  
  38  4:13  Drone x2  
  38  4:14  Drone  
  38  4:15  Drone  
  38  4:16  Drone  
  43  4:18  Drone  
  43  4:19  Drone x2  
  42  4:57  Zergling x2  
  42  4:58  Zergling x20  
  51  5:03  Spine Crawler  
  51  5:05  Queen  
  46  5:28  Drone x4  
  48  5:30  Zergling x6  
  48  5:32  Overlord  
  50  6:01  Roach Warren  
  47  6:24  Overlord  
  47  6:25  Overlord x2  
  47  6:47  Roach  
  47  6:48  Roach x7  
  61  7:08  Roach x4  
  66  7:28  Roach  
  66  7:29  Roach x7  
Show
View Real Time Build Order
Export as new Build Order

SunLightKing Protoss 

Build Orders:  

Get SALT Encoding   

  12  0:01  Probe (Chrono Boost)  
  13  0:11  Probe (Chrono Boost)  
  14  0:22  Pylon  
  14  0:24  Probe (Chrono Boost)  
  15  0:41  Probe (Chrono Boost), Gateway  
  16  0:50  Assimilator  
  16  0:51  Probe (Chrono Boost)  
  17  1:02  Probe (Chrono Boost)  
  18  1:07  Pylon  
  18  1:12  Probe (Chrono Boost)  
  19  1:23  Probe (Chrono Boost)  
  20  1:39  Cybernetics Core  
  20  1:50  Pylon  
  20  1:55  Nexus  
  20  2:05  Pylon  
  20  2:10  Assimilator  
  20  2:11  Probe (Chrono Boost)  
  22  2:23  Pylon  
  22  2:27  Mothership Core (Chrono Boost)  
  23  2:35  Adept  
  25  2:44  Gateway  
  25  2:59  Gateway  
  25  3:05  Probe (Chrono Boost)  
  26  3:14  Probe (Chrono Boost)  
  26  3:16  Probe (Chrono Boost)  
  26  3:17  Warp Gate (Chrono Boost)  
  28  3:24  Probe (Chrono Boost), Adept (Chrono Boost)  
  28  3:26  Probe (Chrono Boost)  
  30  3:38  Adept (Chrono Boost)  
  29  3:47  Probe  
  27  3:48  Probe  
  29  3:59  Robotics Facility  
  29  4:17  Pylon  
  10  5:01  Adept x3  
  10  5:07  Probe  
  13  5:26  Probe  
  14  5:28  Adept  
  14  5:47  Probe  
  15  6:07  Probe  
  16  6:12  Probe  
  17  6:28  Probe  
  18  6:49  Probe x2 (Chrono Boost)  
  20  7:00  Probe (Chrono Boost)  
  21  7:04  Probe (Chrono Boost)  
  22  7:12  Probe (Chrono Boost)  
  23  7:17  Probe (Chrono Boost)  
  24  7:24  Probe (Chrono Boost)  
  24  7:27  Probe (Chrono Boost)  
  26  7:34  Probe (Chrono Boost)  
  27  7:38  Probe (Chrono Boost)  
  28  7:45  Probe (Chrono Boost)  
  33  8:04  Stalker  
Tags
 
Add a new tag
Caveats
  • Supply blocks, unpowered buildings, or Contaminate may cause inaccurate times.
  • Supply counts are checked every 10 seconds.